 Dungeon Crawl Stone Soup version 0.18-a0-1426-g3b9a63c (webtiles) character file.

50 GrosslyIncandescent the Insei (level 3, 0/29 HPs)
             Began as a Mummy Monk on Feb 27, 2016.
             Slain by a jackal (2 damage)
             ... on level 3 of the Dungeon.
             The game lasted 00:03:40 (2676 turns).

GrosslyIncandescent the Insei (Mummy Monk)          Turns: 2676, Time: 00:03:41

Health: 0/29       AC:  3    Str: 14    XL:     3   Next: 55%
Magic:  3/3        EV: 13    Int:  9    God:
Gold:   68         SH:  0    Dex: 15    Spells: 0 memorised, 2 levels left

rFire  x . .     SeeInvis .       - Unarmed
rCold  + . .     Gourm    .     (no armour)
rNeg   + + +     Faith    .     (no shield)
rPois  ∞         Spirit   .     (no helmet)
rElec  .         Dismiss  .     (no cloak)
rCorr  .         Reflect  .     (no gloves)
SustAt .         Harm     .     (no boots)
MR     .....                    (no amulet)
Stlth  ++........               (no ring)
                                f - +3 ring of protection

@: not resistant to hostile enchantments, unstealthy
A: no food or potions, fire vulnerability, cold resistance 1, negative energy
resistance 3, torment resistance, unbreathing
a: no special abilities


You were on level 3 of the Dungeon.
You were not hungry.

You visited 1 branch of the dungeon, and saw 3 of its levels.

You collected 68 gold pieces.


Innate Abilities, Weirdness & Mutations

You do not eat or drink.
Your flesh is vulnerable to fire.
You are immune to poison.
Your flesh is cold resistant.
You are immune to negative energy.
You are immune to unholy pain and torment.
You can survive without breathing.


   Skills:
 - Level 3.0 Fighting
 - Level 2.4 Dodging
 - Level 1.5 Stealth
 + Level 4.4 Unarmed Combat


You had 2 spell levels left.
You didn't know any spells.

Inventory:

Jewellery
 f - a +3 ring of protection (left hand)
Wands
 b - a wand of flame (27/48) (quivered) {Ward against Flames}
Scrolls
 a - a scroll of remove curse {unknown}
 c - a scroll of fog {unknown}
 d - a scroll of random uselessness {unknown}
 e - a scroll of recharging {unknown}

Dungeon Overview and Level Annotations

Branches:
Dungeon (3/15)

Altars:
Kikubaaqudgha
Trog
Vehumet
Xom

▒... ▒... ▒..▒▒
▒... ▒..▒ ▒..▒
▒..▒ ▒▒▒▒▒▒▒▒▒M.▒
.......Kh..▒▒▒▒▒▒
.......o▒........
........<........
▒▒▒.▒▒...▒▒▒.....
▒ ▒▒▒.........
▒.▒▒▒▒.[)......
▒......<.......
▒..▒▒▒.........


You could see an orc, a jackal and a kobold.


Message History

You pummel the orc priest but do no damage!
The orc priest is moderately wounded!
The orc priest hits you with a whip! * * * don't die
* * * The orc hits you with a club! * * * don't die
* * * The orc priest closely misses you!
You climb upwards!
There is a stone staircase leading down here!
The orc priest miscasts a cantrip!
A jackal comes into view!
The jackal barks!!!
The jackal bites you but does no damage!
The jackal closely misses you!
The jackal barks!!!
The jackal closely misses you!
The orc priest miscasts a cantrip!
The jackal closely misses you!
There is a stone staircase leading down here!
The jackal bites you! * * * don't die
* * * You climb downwards!
The kobold misses you!
The orc hits you with a mace! * * * don't die
* * * The kobold closely misses you!
There is a stone staircase leading up here!
The jackal closely misses you!
You closely miss the jackal! The jackal closely misses you!
The jackal bites you but does no damage!
You barely miss the jackal! The jackal bites you! rip

Action                   || total
-------------------------++-------
Melee: Unarmed           ||   148
 Stab: Sleeping          ||     3

Vault maps used:
D:1:      eino_arrival_druids_welcome
D:2:      kiku_gazebo_pond_becter, minitemple
D:3:      lemuel_coloured_pillars_altar, st_stairs_1, roderic_lattice_a,
          uniq_grinder

Notes
Turn   | Place    | Note
--------------------------------------------------------------
     0 | D:1      | GrosslyIncandescent the Mummy Monk began the quest for the Orb.
     0 | D:1      | Reached XP level 1. HP: 18/18 MP: 1/1
   380 | D:1      | Reached XP level 2. HP: 16/24 MP: 2/2
  1362 | D:2      | Reached skill level 4 in Unarmed Combat
  1715 | D:2      | Reached XP level 3. HP: 29/29 MP: 3/3
  1717 | D:2      | Found an ancient bone altar of Kikubaaqudgha.
  1881 | D:2      | huh.
  2230 | D:2      | Found a radiant altar of Vehumet.
  2235 | D:2      | Found a shimmering altar of Xom.
  2236 | D:2      | Found a bloodstained altar of Trog.
  2671 | D:3      | HP: 2/29 [orc/mace (1)]
  2676 | D:3      | Slain by a jackal

Vanquished Creatures
  3 worms (D:2)
  2 orcs
  A ball python (D:1)
  8 bats
  2 giant cockroaches
  3 goblins
  2 hobgoblins
  8 kobolds
  2 giant newts
  7 rats
38 creatures vanquished.
